 Dungeon Sprint DCSS version 0.29-a0-338-g1ff7896281 (webtiles) character file.

Game seed: 6061023955729648970

290 HendSelp the Protected (level 6, -8/66 HPs)
             Began as a Gargoyle Fighter on Apr 18, 2022.
             Mangled by a human
             ... wielding a +0 spear
              (12 damage)
             ... in the Dungeon (Sprint III: "The Ten Rune Challenge").
             The game lasted 00:01:30 (977 turns).

HendSelp the Protected (Gargoyle Fighter)            Turns: 977, Time: 00:01:30

Health: -8/66      AC: 12    Str: 22    XL:     6   Next: 32%
Magic:  6/6        EV:  9    Int:  8    God:
Gold:   24         SH:  5    Dex:  9    Spells: 5/5 levels left

rFire   . . .      SeeInvis .   a - +0 flail
rCold   . . .      Faith    .   c - +0 buckler
rNeg    + . .      Spirit   .   b - +0 scale mail
rPois   ∞          Reflect  .   (no helmet)
rElec   +          Harm     .   (no cloak)
rCorr   .          Rampage  .   (no gloves)
Will    .....      NoTele   +   (no boots)
Stlth   ..........              (no amulet)
HPRegen 0.21/turn               (no ring)
MPRegen 0.10/turn               (no ring)

@: berserking (expiring), very quick
A: sickness immunity, AC +4, negative energy resistance 1, electricity
resistance, torment resistance 1, petrification resistance
a: no special abilities


You were in the Dungeon.
You visited 1 branch You collected 24 gold pieces.

Inventory:

Hand Weapons
 a - a +0 flail (weapon)
Armour
 b - a +0 scale mail (worn)
 c - a +0 buckler (worn)
Scrolls
 m - a scroll of immolation
Potions
 d - 3 potions of mutation
 h - 2 potions of magic
 k - 3 potions of flight
 n - a potion of might


   Skills:
 * Level 7.2 Fighting
 * Level 6.8 Maces & Flails
 * Level 8.8 Armour
 * Level 6.8 Shields


You had 5 spell levels left.
You didn't know any spells.
Your spell library contained the following spells:

 Spells                   Type           Power      Damage    Failure   Level
 Tukima's Dance           Hex            0%         N/A       98%         3
 Passage of Golubria      Tloc           0%         N/A       100%        4
 Yara's Violent Unravell  Hex/Tmut       0%         3d3       100%        5


Dungeon Overview and Level Annotations

Branches:
Dungeon (1/1)

Altars:
Kikubaaqudgha
Okawaru
Sif Muna
Trog
Uskayaw
Vehumet
Wu Jian
Beogh


Innate Abilities, Weirdness & Mutations

You are immune to sickness and miasma.
Your stone body is resilient. (AC +4)
You are immune to poison.
You resist negative energy. (rN+)
You are resistant to electric shocks. (rElec)
You are resistant to unholy torment.
You are immune to petrification.


Message History

You sock the human!
You kill the human!
The human hits you from afar with a +0 spear.
* * * LOW HITPOINT WARNING * * *
Your Fighting skill increases to level 7!
Your Maces & Flails skill increases to level 6!
Your Armour skill increases to level 8!
You have reached level 6!
Unknown command.
The human hits you with a +0 spear.
* * * LOW HITPOINT WARNING * * *
There is an open door here.
Unknown command.
Unknown command.
You hit the human.
The human is lightly wounded.
The human hits you but does no damage.
Unknown command.
You sock the human!
The human is heavily wounded.
The human barely misses you.
Unknown command.
You sock the human!
The human is heavily wounded.
The human closely misses you.
Unknown command.
You barely miss the human.
The human is heavily wounded.
You block the human's attack.
Unknown command.
You sock the human!
The human is almost dead.
The human barely misses you.
You barely miss the human.
The human is almost dead.
The human hits you but does no damage.
You closely miss the human.
The human is almost dead.
The human hits you with a +0 spear!
You die...

▓▓ ▓▓▓ .#### ##.# #####
....#####..# #___#
.....#..#..# #p_.#
##...#?.#..###+#@###+##
###).##'#..#..........#
.##..###...).⌠........#
##..####...#...######+#
##..###....#.⌠.#
#...##.....#...#
....#......#)###
..##.#.....#...# ..
####....#___#


You could see a human (berserk).

Vanquished Creatures
  A water elemental (D)
  Jessica (D)
  A wizard (D)
  2 humans (D)
  A kobold demonologist (D)
  A phantom (D)
  An endoplasm (D)
  2 rats (D)
10 creatures vanquished.

Notes
Turn   | Place    | Note
-------+----------+-------------------------------------------
     0 | D        | HendSelp the Gargoyle Fighter began the quest for the Orb.
     0 | D        | Reached XP level 1. HP: 14/14 MP: 1/1
    59 | D        | Noticed Jessica
    69 | D        | Killed Jessica
    70 | D        | Reached skill level 4 in Armour
    70 | D        | Reached XP level 2. HP: 2/20 MP: 2/2
    70 | D        | Reached XP level 3. HP: 3/24 MP: 3/3
   379 | D        | Reached skill level 5 in Fighting
   379 | D        | Reached skill level 5 in Armour
   379 | D        | Reached skill level 5 in Shields
   484 | D        | Noticed a water elemental
   488 | D        | Killed a water elemental
   489 | D        | Reached skill level 6 in Armour
   489 | D        | Reached XP level 4. HP: 3/32 MP: 4/4
   793 | D        | Found a radiant altar of Vehumet.
   793 | D        | Found a shimmering blue altar of Sif Muna.
   793 | D        | Found an ancient bone altar of Kikubaaqudgha.
   793 | D        | Noticed a wizard
   794 | D        | Killed a wizard
   795 | D        | Reached skill level 5 in Maces & Flails
   795 | D        | Reached XP level 5. HP: 36/36 MP: 5/5
   797 | D        | Noticed a hellwing
   810 | D        | Noticed a red devil
   817 | D        | Reached skill level 7 in Armour
   959 | D        | Found a hide-covered altar of Uskayaw.
   959 | D        | Found an iron altar of Okawaru.
   959 | D        | Found a bloodstained altar of Trog.
   959 | D        | Found an ornate altar of the Wu Jian Council.
   959 | D        | Noticed a human
   960 | D        | Noticed a human
   969 | D        | Killed a human
   970 | D        | Reached skill level 8 in Armour
   970 | D        | Reached XP level 6. HP: 6/44 MP: 6/6
   970 | D        | HP: 3/66 [human/+0 spear (3)]
   977 | D        | Mangled by a human

Illustrated notes

Levels and vault maps discovered:
D:        dungeon_sprint_mu [sprint_mu_entry_cave, sprint_mu_temple_rooms,
          sprint_mu_d1_spiders, sprint_mu_d2_genie, sprint_mu_d3_branching,
          sprint_mu_orc_legion, sprint_mu_elf_gauntlet, sprint_mu_hive_nellie,
          sprint_mu_lair_fedhas, sprint_mu_vaults_butterflies,
          sprint_mu_slime_circle, sprint_mu_shoals_archi,
          sprint_mu_snake_twists, sprint_mu_blade_basic,
          sprint_mu_crypt_chambers, sprint_mu_tomb_spiral,
          sprint_mu_vestibule_basic, sprint_mu_gehenna_hellfire,
          sprint_mu_dis_giant, sprint_mu_tartarus_statrot,
          sprint_mu_cocytus_islands, sprint_mu_zot1]

Skill      XL: |  1  2  3  4  5 |
---------------+----------------+-----
Fighting       | 4 5 6 7 |  7.2
Armour         | 4 6 8 |  8.8
Shields        | 4 5 6 |  6.8
Maces & Flails | 4 5 6 |  6.8

Action                   |  1- 3 |  4- 6 || total
-------------------------+-------+-------++-------
Melee: Flail             |    43 |    30 ||    73
  Use: Potion            |     2 |     4 ||     6
       Scroll            |       |     4 ||     4
Armor: Scale mail        |    16 |    13 ||    29
Dodge: Dodged            |    16 |    14 ||    30
Block: Buckler           |     9 |     6 ||    15

Table legend: (Time is in decaauts)
 A = Elapsed time spent in this place.
 B = Non-inter-level travel time spent in this place.
 C = Inter-level travel time spent in this place.
 D = Time resting spent in this place.
 E = Time spent auto-exploring this place.
 F = Levels seen in this place.
 G = Mean time per level.
                   A        B        C        D        E       F      G
               +--------+--------+--------+--------+--------+-----+--------+
         Total |    974 |    965 |      9 |    380 |    422 |   1 |  974.0 |
       Dungeon |    974 |    965 |      9 |    380 |    422 |   1 |  974.0 |
               +--------+--------+--------+--------+--------+-----+--------+

Top non-repeatable levels by time:
       D: 974 daAuts
